 Dungeon Crawl Stone Soup version 0.22-b1-21-g5cfc168 (webtiles) character file.

405 VLARC the Gusty (level 6, -1/28 HPs)
             Began as a Vine Stalker Air Elementalist on Aug 5, 2018.
             Slain by an orc wizard
             ... wielding a +2 dagger of flaming
              (2 damage)
             ... on level 3 of the Dungeon on Aug 6, 2018.
             The game lasted 00:11:32 (3510 turns).

VLARC the Gusty (Vine Stalker Air Elementalist)     Turns: 3510, Time: 00:11:33

Health: -1/28      AC:  4    Str: 11    XL:     6   Next: 87%
Magic:  0/10       EV: 12    Int: 17    God:
Gold:   144        SH:  0    Dex: 14    Spells: 3/9 levels left

rFire    . . .     SeeInvis .   h - +0 hand axe (drain)
rCold    . . .     Gourm    .   (no shield)
rNeg     . . .     Faith    .   a - +0 robe
rPois    .         Spirit   +   (no helmet)
rElec    .         Reflect  .   (no cloak)
rCorr    .         Harm     .   (no gloves)
MR       .....                  o - +1 pair of boots
Stlth    ++........             (no amulet)
HPRegen  0.49/turn              (no ring)
MPRegen  0.12/turn              (no ring)

@: no status effects
A: fangs 2, regeneration 1, magic shield, antimagic bite, no potion heal 3, rot
immunity
a: no special abilities


You were on level 3 of the Dungeon.
You were hungry.

You visited 1 branch of the dungeon, and saw 3 of its levels.
You also visited: Sewer.

You collected 144 gold pieces.

Inventory:

Hand Weapons
 b - a +0 short sword of venom
 d - a +0 dagger
 h - a +0 hand axe of draining (weapon)
Armour
 a - a +0 robe (worn)
 o - a +1 pair of boots (worn)
Wands
 n - a wand of polymorph (13)
Scrolls
 f - a scroll of amnesia
 g - 3 scrolls of remove curse
 k - a scroll of identify
 s - a scroll of enchant armour
Potions
 e - 3 potions of might
 i - 2 potions of curing {unknown}
 j - 8 potions of heal wounds
 l - 2 potions of degeneration {unknown}
 m - a potion of magic {unknown}
 p - 4 potions of agility {unknown}
 r - a potion of brilliance {unknown}
Comestibles
 c - 6 rations


   Skills:
 - Level 1.5 Dodging
 - Level 2.4 Stealth
 - Level 2.1 Spellcasting
 + Level 4.8 Conjurations
 + Level 5.7 Air Magic


You had 3 spell levels left.
You knew the following spells:

 Your Spells              Type           Power        Failure   Level  Hunger
a - Shock                 Conj/Air       ###.         2%          1    #......
b - Swiftness             Chrm/Air       ##......     9%          2    ###....
c - Static Discharge      Conj/Air       ###.....     7%          3    ###....

Your spell library contained the following spells:

 Spells                   Type           Power        Failure   Level  Hunger
 Lightning Bolt           Conj/Air       ###.......   52%         5    ######.
 Confuse                  Hex            #.......     50%         3    ###....
 Tukima's Dance           Hex            #.......     50%         3    ###....
 Airstrike                Air            ###.......   19%         4    #####..
 Ensorcelled Hibernation  Hex/Ice        #.....       28%         2    ###....
 Corona                   Hex            #......      19%         1    #......
 Dazzling Spray           Conj/Hex       ##....       22%         3    ###....


Dungeon Overview and Level Annotations

Branches:
Dungeon (3/15)

Altars:
Elyvilon


Innate Abilities, Weirdness & Mutations

You have extremely sharp teeth.
Your natural rate of healing is unusually fast.
When hurt, damage is shared between your health and your magic reserves.
Your bite disrupts and absorbs the magic of your enemies.
Potions cannot restore your health.
You are immune to rotting.


Message History

You miss something. Your bite misses something. Something hits you.
Something burns you.
Casting: Static Discharge (safe; 7% risk of failure)
Confirm with . or Enter, or press ? or * to list all spells.
You don't have enough magic to cast that spell.
Casting: Static Discharge (safe; 7% risk of failure)
Confirm with . or Enter, or press ? or * to list all spells.
You don't have enough magic to cast that spell.
You closely miss something. You bite something. You drain its magic.
You feel invigorated. Something hits you.
* * * LOW HITPOINT WARNING * * *
Something burns you. Something hits you.
* * * LOW HITPOINT WARNING * * *
Something burns you.
* * * LOW HITPOINT WARNING * * *
It was a potion of heal wounds.
That seemed strangely inert.
Something hits you.
* * * LOW HITPOINT WARNING * * *
Something burns you.
You die...

. ## #.# ..# #.# # ##
#o#... .## ###########
#<#....
..####.........####.......
.....'.........'@{........
..####.........####.......
.## #.......## #.#.#.# .#
##.....## ## # .#
#####...## .# #>......# .#
#.####..# .# #.# #..#
.####.####..#


There were no monsters in sight!

Vanquished Creatures
  A big kobold (Sewer)
  An orc wizard (D:3)
  Natasha (twice) (D:3)
  A hound zombie (D:3)
  10 adders
  2 river rats (Sewer)
  4 oozes
  3 worms (D:2)
  3 dart slugs
  6 orcs (D:3)
  3 giant cockroaches (D:3)
  11 goblins
  6 hobgoblins
  2 jackals (D:2)
  4 ball pythons
  9 bats
  3 frilled lizards
  21 kobolds
  29 rats
121 creatures vanquished.

Notes
Turn   | Place    | Note
-------+----------+-------------------------------------------
     0 | D:1      | VLARC the Vine Stalker Air Elementalist began the quest for the Orb.
     0 | D:1      | Reached XP level 1. HP: 9/9 MP: 4/4
   371 | D:1      | Reached XP level 2. HP: 13/13 MP: 1/6
  1193 | D:2      | Reached XP level 3. HP: 16/16 MP: 1/7
  1794 | D:2      | Found a white marble altar of Elyvilon.
  2103 | D:2      | Reached skill level 4 in Air Magic
  2103 | D:2      | Gained mutation: Your natural rate of healing is unusually fast. [Vine Stalker growth]
  2103 | D:2      | Reached XP level 4. HP: 17/21 MP: 5/8
  2444 | D:3      | Learned a level 2 spell: Swiftness
  2448 | D:3      | Learned a level 3 spell: Static Discharge
  2512 | D:3      | Reached XP level 5. HP: 24/24 MP: 5/9
  2700 | D:3      | Noticed Natasha
  2707 | D:3      | Killed Natasha
  2710 | D:3      | Found a glowing drain.
  2737 | D:3      | Reached skill level 5 in Air Magic
  2749 | Sewer    | Entered a sewer
  2860 | Sewer    | Reached XP level 6. HP: 28/28 MP: 10/10
  3493 | D:3      | Noticed Natasha
  3506 | D:3      | Killed Natasha
  3510 | D:3      | HP: 1/28 [something (5)]
  3510 | D:3      | Slain by an orc wizard

Skill      XL: |  1  2  3  4  5 |
---------------+----------------+-----
Conjurations   | 2 3 4 |  4.8
Air Magic      | 4 5 |  5.7
Dodging        | |  1.5
Stealth        | |  2.4
Spellcasting   | |  2.1

Action                   |  1- 3 |  4- 6 || total
-------------------------+-------+-------++-------
Melee: Spear             |    31 |     6 ||    37
       Bite              |     4 |    43 ||    47
       Unarmed           |       |     2 ||     2
       Hand axe          |       |   155 ||   155
       Dagger            |       |     1 ||     1
 Cast: Shock             |    77 |    28 ||   105
       Static Discharge  |       |     5 ||     5
  Use: Scroll            |       |     7 ||     7
       Potion            |       |     1 ||     1
 Stab: Sleeping          |       |     1 ||     1
  Eat: Chunk             |     5 |     5 ||    10
Armor: Robe              |     8 |    57 ||    65
Dodge: Dodged            |    27 |   149 ||   176
